 Dungeon Crawl Stone Soup version 0.29-a0-334-gb41bcbb86e (webtiles) character file.

Game seed: 12195049343076995974

99425 zishaf the Stormcaller (level 16, -12/100 HPs)
             Began as a Tengu Air Elementalist on Apr 15, 2022.
             Was a High Priest of Sif Muna.
             Shot with a bolt by a yaktaur (23 damage)
             ... on level 13 of the Dungeon.
             The game lasted 01:26:51 (25820 turns).

zishaf the Stormcaller (Tengu Air Elementalist)    Turns: 25820, Time: 01:26:51

Health: -12/100    AC: 19    Str: 18    XL:     16   Next: 25%
Magic:  22/29      EV: 17    Int: 24    God:    Sif Muna [*****.]
Gold:   2898       SH:  0    Dex: 15    Spells: 2/31 levels left

rFire   + + .      SeeInvis .   a - +9 lajatang of Plague {vorpal, rElec rF++ Int+2}
rCold   . . .      Faith    .   (shield currently unavailable)
rNeg    . . .      Spirit   .   t - +4 ring mail of Makhleb's Indignation {Drain Will+ Str+8}
rPois   .          Reflect  .   i - +2 hat
rElec   +          Harm     .   b - +1 cloak
rCorr   .          Rampage  .   J - +1 pair of gloves
Will    ++...                   (boots unavailable)
Stlth   +.........              f - amulet of regeneration
HPRegen 1.06/turn               y - ring of Bautu {rElec AC+4}
MPRegen 0.21/turn               P - +4 ring of evasion

@: flying quickly and evasively, quick
A: beak, talons 3, nimble flight
a: Renounce Religion, Channel Magic, Forget Spell, Divine Exegesis


You were on level 13 of the Dungeon.
You worshipped Sif Muna.
Sif Muna was extremely pleased with you.
You visited 4 branches of the dungeon, and saw 22 of its levels.
You also visited: Sewer, Bailey and Gauntlet.

You collected 3570 gold pieces.
You spent 672 gold pieces at shops.

Inventory:

Hand Weapons
 a - the +9 lajatang of Plague (weapon) {vorpal, rElec rF++ Int+2}
   (You acquired it on level 5 of the Dungeon)

   It inflicts extra damage upon your enemies.
   Int:       It affects your intelligence (+2).
   rF:        It greatly protects you from fire.
   rElec:     It insulates you from electricity.
Missiles
 p - 5 throwing nets
 q - 54 poisoned darts (quivered)
Armour
 b - a +1 cloak (worn)
 d - the +8 chain mail of Wu Jian, Bedazzling {rC+}
   (You found it on level 5 of the Lair of Beasts)

   rC:        It protects you from cold.
 i - a +2 hat (worn)
 t - the +4 ring mail of Makhleb's Indignation (worn) {Drain Will+ Str+8}
   (You found it on level 3 of the Dungeon)

   Str:       It affects your strength (+8).
   Drain:     It drains your maximum health when unequipped.
   Will:      It increases your willpower.
 G - the +2 cloak "Lafej" {rC+ rN+ Will-}
   (You found it in a Gauntlet)

   rC:        It protects you from cold.
   rN:        It protects you from negative energy.
   Will:      It decreases your willpower.
 J - a +1 pair of gloves (worn)
Jewellery
 f - an amulet of regeneration (around neck)
 j - the ring "Pilor" {Ice *Corrode Fly rN+++ Dex-4}
   (You found it in a Gauntlet)

   [ring of ice]

   It enhances your ice magic.
   Dex:       It affects your dexterity (-4).
   rF:        It makes you vulnerable to fire.
   rC:        It protects you from cold.
   rN:        It renders you almost immune to negative energy.
   Fly:       It grants you flight.
   *Corrode:  It may corrode you when you take damage.
 y - the ring of Bautu (left hand) {rElec AC+4}
   (You acquired it in a bailey)

   [ring of protection]

   AC:        It affects your AC (+4).
   rElec:     It insulates you from electricity.
 P - a +4 ring of evasion (right hand)
 V - a ring of wizardry
 X - a ring of protection from fire
Wands
 B - a wand of paralysis (28)
 C - a wand of flame (44)
 E - a wand of mindburst (10)
 I - a wand of polymorph (11)
 L - a wand of charming (2)
 M - a wand of digging (6)
 O - a wand of acid (4)
 Y - a wand of iceblast (6)
Scrolls
 c - 3 scrolls of fog
 e - 5 scrolls of amnesia
 l - 4 scrolls of enchant armour
 n - 6 scrolls of teleportation
 A - 4 scrolls of magic mapping
 F - 4 scrolls of summoning
 H - a scroll of brand weapon
 R - a scroll of blinking
 W - a scroll of silence
 Z - 3 scrolls of fear
Potions
 g - 2 potions of invisibility
 m - 13 potions of curing
 o - a potion of magic
 r - 2 potions of mutation
 s - 11 potions of heal wounds
 u - 2 potions of might
 v - 4 potions of cancellation
 w - 6 potions of lignification
 x - 3 potions of resistance
 z - a potion of haste
 N - 3 potions of berserk rage
 Q - 4 potions of brilliance
 T - 2 potions of ambrosia
Miscellaneous
 K - a condenser vane
 S - a lightning rod (4/4)
 U - a phantom mirror


   Skills:
 - Level 11.3 Fighting
 + Level 13.8 Staves
 - Level 2.0 Armour
 - Level 2.1 Dodging
 - Level 2.0 Stealth
 + Level 8.2 Spellcasting
 - Level 12.0 Conjurations
 + Level 1.2 Hexes
 + Level 19.5 Air Magic
 - Level 2.0 Poison Magic
 + Level 12.1 Invocations


You had 2 spell levels left.
You knew the following spells:

 Your Spells              Type           Power      Damage    Failure   Level
a - Shock                 Conj/Air       100%       1d9       1%          1
b - Static Discharge      Conj/Air       71%        N/A       1%          2
c - Swiftness             Air            80%        N/A       0%          3
d - Airstrike             Air            40%        N/A       1%          4
e - Mephitic Cloud        Conj/Pois/Air  59%        N/A       1%          3
f - Lightning Bolt        Conj/Air       35%        1d53      1%          5
g - Conjure Ball Lightni  Conj/Air       35%        3x3d11    2%          6
h - Silence               Hex/Air        28%        N/A       4%          5

Your spell library contained the following spells:

 Spells                   Type           Power      Damage    Failure   Level
 Foxfire                  Conj/Fire      100%       2x1d9     1%          1
 Magic Dart               Conj           100%       1d8       1%          1
 Corpse Rot               Necr/Air       100%       N/A       1%          2
 Poisonous Vapours        Pois/Air       100%       N/A       1%          2
 Searing Ray              Conj           100%       2d8       1%          2
 Animate Skeleton         Necr           18%        N/A       11%         1
 Apportation              Tloc           18%        N/A       11%         1
 Summon Small Mammal      Summ           36%        N/A       11%         1
 Ensorcelled Hibernation  Hex/Ice        24%        N/A       13%         2
 Call Imp                 Summ           9%         N/A       17%         2
 Wereblood                Tmut           9%         N/A       17%         2
 Conjure Flame            Conj/Fire      38%        6-21      2%          3
 Dazzling Flash           Conj/Hex       82%        N/A       2%          3
 Stone Arrow              Conj/Erth      76%        3d11      2%          3
 Iskenderun's Battlesphe  Conj           61%        2d11      2%          5
 Freezing Cloud           Conj/Ice/Air   28%        6-21      4%          5
 Fulminant Prism          Conj/Hex       20%        3d13      7%          4
 Flame Wave               Conj/Fire      38%        2d9       10%         4
 Iskenderun's Mystic Bla  Conj/Tloc      38%        2d9       10%         4
 Sticky Flame             Conj/Fire      38%        2d6       10%         4
 Tukima's Dance           Hex            16%        N/A       19%         3
 Spider Form              Tmut/Pois      14%        N/A       22%         3
 Maxwell's Capacitive Co  Air            40%        ∞         24%         8
 Ignite Poison            Fire/Tmut/Pois 13%        N/A       26%         3
 Portal Projectile        Hex/Tloc       24%        N/A       26%         3
 Fireball                 Conj/Fire      19%        3d9       26%         5
 Call Canine Familiar     Summ           9%         N/A       32%         3
 Gell's Gravitas          Tloc           9%         N/A       32%         3
 Teleport Other           Tloc           9%         N/A       32%         3
 Orb of Destruction       Conj           30%        9d10      56%         7
 Anguish                  Hex/Necr       6%         N/A       63%         4
 Leda's Liquefaction      Hex/Erth       6%         N/A       63%         4
 Animate Armour           Summ/Erth      18%        N/A       73%         4
 Dispel Undead            Necr           9%         3d8       73%         4
 Iron Shot                Conj/Erth      19%        9d4       82%         6
 Starburst                Conj/Fire      19%        6d7       82%         6
 Metabolic Englaciation   Hex/Ice        6%         N/A       93%         5
 Yara's Violent Unravell  Hex/Tmut       6%         3d5       93%         5
 Agony                    Necr           9%         N/A       97%         5
 Blade Hands              Tmut           4%         N/A       97%         5
 Lee's Rapid Deconstruct  Erth           4%         3d6*      97%         5
 Summon Forest            Summ/Tloc      4%         N/A       97%         5
 Death Channel            Necr           4%         N/A       100%        6
 Dispersal                Tloc           4%         N/A       100%        6
 Enfeeble                 Hex            8%         N/A       100%        7
 Spellforged Servitor     Conj/Summ      19%        N/A       100%        7
 Summon Hydra             Summ           4%         N/A       100%        7
 Lehudib's Crystal Spear  Conj/Erth      19%        10d6      100%        8


Dungeon Overview and Level Annotations

Branches:
Dungeon (13/15)            Temple (1/1) D:4            Lair (6/6) D:10
 Shoals (0/4) Lair:2        Snake (0/4) Lair:2        Slime (0/5) Lair:6
    Orc (2/2) D:11            Elf (0/3) Orc:2         Sewer (visited)
 Bailey (visited)         Gauntlet (visited)
 Vaults: D:13-14

Altars:
Ashenzari
Cheibriados
Dithmenos
Elyvilon
Fedhas
Gozag
Hepliaklqana
Kikubaaqudgha
Makhleb
Nemelex Xobeh
Okawaru
Qazlal
Ru
Sif Muna
Trog
Uskayaw
Vehumet
Wu Jian
Xom
Yredelemnul
Zin
The Shining One
Beogh

Shops:
D:7 [   D:9 *   Orc:1 !   Orc:2 ![([

Annotations:
D:1 dig ring


Innate Abilities, Weirdness & Mutations

You have a beak for a mouth.
You have claws for feet.
Your magical nature lets you fly swiftly and evasively.


Message History

The blast of lightning engulfs your ball lightning.
Your ball lightning completely resists.
The blast of lightning engulfs you. You resist.
You hear a shout!
Unknown command.
Your ball lightning explodes!
The blast of lightning engulfs you! You resist.
Unknown command.
Things that are here:
a +0 dagger; 7 poisoned darts; 14 gold pieces
Things that are here:
a +0 long sword; a +0 chain mail
Items here: $ ) [ †.
Things that are here:
a +0 club; an orc corpse
Items here: $ ) [ †.
Okay, then.
Things that are here:
a +0 giant spiked club; a +0 giant spiked club; a +0 giant club The yaktaur shoots a bolt.
The bolt hits you!!
The boggart shouts!
The yaktaur shoots a bolt.
The bolt hits you!
The yaktaur shoots a bolt.
The bolt hits you!!
The boggart mumbles some strange words.
The yaktaur shouts!
The yaktaur shoots a bolt.
The bolt hits you!
The yaktaur shoots a bolt.
The bolt hits you!
* * * LOW HITPOINT WARNING * * *
The boggart gestures wildly while chanting.
As you read the scroll of teleportation, it crumbles to dust.
You feel strangely unstable.
The yaktaur shoots a bolt.
The bolt hits you!
* * * LOW HITPOINT WARNING * * *
The boggart mumbles some strange words.
The boggart flickers and vanishes!
You feel much better.
Your surroundings suddenly seem different.
The yaktaur shoots a bolt.
The bolt hits you!
* * * LOW HITPOINT WARNING * * *
The yaktaur shoots a bolt.
The bolt hits you!!
You die...

#....................#
##........###.........#
#.........# #...[...#.#
#.#?.....#####........#
#.#........#[..........
#.#......#........)....
#.#......#..)......))).
########..#######....
#..@..#..# .. #....
#..#.##.)##. #....
#.#.#.#.)#.# .#....
#..##c#eD#.##..#....
#.#...c......# #....
#####.#..#.#####)###
....§....).)).#
..............).#
#####.#..#.#######


You could see 2 yaktaurs.

Vanquished Creatures
  An orc warlord (Orc:2)
  A minotaur (Gauntlet)
  A fire dragon (Lair:6)
  A catoblepas (Lair:5)
  2 ogre magi
  4 boulder beetles
  Erolcha (D:12)
  14 two-headed ogres
  5 hydras
  A rakshasa (D:13)
  3 centaur warriors (D:13)
  13 death yaks
  An orc high priest (Orc:2)
  A soul eater (Gauntlet)
  A skeletal warrior (D:13)
  A fire crab (Lair:6)
  Lodul (D:12)
  A lindwurm (Lair:6)
  8 orc knights
  An obsidian statue (Gauntlet)
  An oklob plant (D:10)
  2 manticores (D:13)
  6 cyclopes
  6 orc sorcerers
  2 molten gargoyles (Lair:6)
  5 black mambas
  24 elephants
  6 gargoyles
  A cane toad (shapeshifter) (D:12)
  2 torpor snails (Lair:3)
  2 unseen horrors (D:12)
  8 cane toads
  A minotaur zombie (Gauntlet)
  2 yaktaurs (D:13)
  Maggie (D:6)
  2 kobold demonologists (Bailey)
  A rime drake (Lair:6)
  The ghost of Cecur the Insei, a novice OpTm of Nemelex Xobeh (D:5)
  2 tengu conjurers (D:10)
  12 komodo dragons
  8 trolls
  3 meliai (D:13)
  A polar bear (Lair:6)
  A slime creature (D:13)
  Grinder (Sewer)
  3 hornets
  16 dream sheep
  15 blink frogs
  3 shadows
  6 wyverns
  A vampire (D:9)
  75 yaks
  3 wraiths
  8 basilisks
  A vampire mosquito (D:13)
  2 steam dragons (Lair:6)
  3 wargs
  5 nagas (Lair:2)
  2 acid dragons
  10 water moccasins
  4 hell hounds (Lair:6)
  3 ice beasts
  4 black bears
  33 orc warriors
  14 ogres
  4 centaurs
  7 wolves
  5 kobold brigands
  14 bullfrogs
  A gnoll sergeant (D:10)
  A necrophage (D:4)
  8 wights
  10 killer bees
  6 howler monkeys
  7 electric eels
  5 lava snakes (Lair:6)
  A quasit (Sewer)
  7 hounds
  A jelly (D:6)
  28 orc priests
  29 orc wizards
  3 iguanas
  6 adders
  10 gnolls
  3 river rats (D:5)
  7 shadow imps
  3 white imps
  6 ufetubi
  A worm (D:5)
  3 dart slugs
  91 orcs
  11 ball pythons
  5 bats
  4 endoplasms
  11 giant cockroaches
  20 goblins
  16 hobgoblins
  6 jackals (D:2)
  33 kobolds
  A quokka (D:2)
  3 frilled lizards
  A giant cockroach zombie (Sewer)
  2 kobold zombies (Sewer)
  5 rats
759 creatures vanquished.

Vanquished Creatures (collateral kills)
  A scorpion (D:5)
  A gnoll (D:5)
  2 ball lightnings
4 creatures vanquished.

Vanquished Creatures (others)
  A wizard (D:10)
  A hell hound (Lair:6)
  A white imp (D:6)
  87 ball lightnings
  2 bushes
  37 fungi
  68 plants
197 creatures vanquished.

Grand Total: 960 creatures vanquished

Notes
Turn   | Place    | Note
-------+----------+-------------------------------------------
     0 | D:1      | zishaf the Tengu Air Elementalist began the quest for the
                  | Orb.
     0 | D:1      | Reached XP level 1. HP: 10/10 MP: 4/4
   103 | D:1      | Reached XP level 2. HP: 10/16 MP: 6/6
   263 | D:1      | Learned a level 2 spell: Static Discharge
   450 | D:1      | Reached skill level 1 in Fighting
   643 | D:1      | Reached XP level 3. HP: 17/20 MP: 3/7
   647 | D:1      | Learned a level 3 spell: Swiftness
   793 | D:1      | Reached skill level 5 in Air Magic
  1238 | D:2      | Found a faded altar of an unknown god.
  1240 | D:2      | Noticed a floating eye
  1245 | D:2      | Noticed a golden eye
  1248 | D:2      | Noticed a great orb of eyes
  1248 | D:2      | Noticed an eye of devastation
  1399 | D:2      | Reached XP level 4. HP: 21/25 MP: 1/8
  2107 | D:3      | Identified the +4 ring mail of Makhleb's Indignation {Drain
                  | Will+ Str+8}
  2181 | D:3      | Found an ancient bone altar of Kikubaaqudgha.
  2358 | D:3      | Gained mutation: Your magical nature lets you fly swiftly
                  | and evasively. [Tengu growth]
  2358 | D:3      | Reached XP level 5. HP: 29/30 MP: 9/9
  2442 | D:3      | Reached skill level 6 in Air Magic
  2869 | D:4      | Reached skill level 16 in Air Magic
  2869 | D:4      | Reached XP level 6. HP: 35/35 MP: 10/10
  2875 | D:4      | Learned a level 4 spell: Airstrike
  2928 | D:4      | Found a staircase to the Ecumenical Temple.
  2936 | D:4      | Reached skill level 1 in Armour
  2946 | Temple   | Entered the Ecumenical Temple
  2979 | Temple   | Became a worshipper of Sif Muna the Loreminder
  3200 | D:4      | Reached XP level 7. HP: 13/40 MP: 3/12
  3444 | D:4      | Reached skill level 1 in Invocations
  3481 | D:4      | Found a shadowy altar of Dithmenos.
  3481 | D:4      | Found a radiant altar of Vehumet.
  4541 | D:5      | Entered Level 5 of the Dungeon
  4565 | D:5      | Identified a scroll of acquirement
  4565 | D:5      | Acquired the +9 lajatang of Plague {vorpal, rElec rF++
                  | Int+2}
  4604 | D:5      | Reached XP level 8. HP: 45/45 MP: 12/14
  5021 | D:5      | Found a runed translucent door.
  5021 | D:5      | Noticed Cecur's ghost (novice OpTm)
  5083 | D:5      | Found a glowing drain.
  5085 | D:5      | Reached * piety under Sif Muna
  5090 | Sewer    | Entered a sewer
  5193 | Sewer    | Found a burning altar of Makhleb.
  5227 | Sewer    | Noticed Grinder
  5241 | Sewer    | Killed Grinder
  5256 | Sewer    | Reached skill level 1 in Staves
  5419 | D:5      | Reached ** piety under Sif Muna
  5906 | D:5      | Killed Cecur's ghost
  5907 | D:5      | Reached XP level 9. HP: 50/50 MP: 14/16
  6173 | D:6      | You are sucked into a shaft and drop 1 floor!
  6174 | D:7      | Found an ornate altar of the Wu Jian Council.
  6431 | D:6      | Noticed Maggie
  6444 | D:6      | Killed Maggie
  6445 | D:6      | Reached skill level 5 in Conjurations
  6743 | D:7      | Found Qomia's Armour Shoppe.
  6810 | D:7      | Found an iron altar of Okawaru.
  6815 | D:7      | Found a sparkling altar of Nemelex Xobeh.
  7264 | D:8      | Reached *** piety under Sif Muna
  7279 | D:8      | Reached XP level 10. HP: 46/56 MP: 12/17
  7308 | D:8      | Found a flagged portal.
  7324 | Bailey   | Entered a bailey
  7493 | Bailey   | Reached skill level 5 in Staves
  7589 | Bailey   | Acquired the ring of Bautu {rElec AC+4}
  7672 | Bailey   | Reached skill level 5 in Invocations
  7729 | Bailey   | Found an iron altar of Okawaru.
  7729 | Bailey   | Noticed a kobold demonologist
  7729 | Bailey   | Noticed a kobold demonologist
  7732 | Bailey   | Noticed a sixfirhy
  7779 | Bailey   | Noticed an orange demon
  7794 | Bailey   | Noticed a soul eater
  7813 | Bailey   | Noticed an orange demon
  7815 | Bailey   | Noticed a rust devil
  7840 | Bailey   | Killed a kobold demonologist
  7850 | Bailey   | Killed a kobold demonologist
  8027 | Bailey   | Noticed an orc knight
  8139 | Bailey   | Killed an orc knight
  8345 | D:8      | Learned a level 3 spell: Mephitic Cloud
  8840 | D:9      | Reached skill level 1 in Poison Magic
  8847 | D:9      | Reached XP level 11. HP: 62/62 MP: 7/18
  9138 | D:9      | Noticed a two-headed ogre
  9149 | D:9      | Killed a two-headed ogre
  9159 | D:9      | Reached **** piety under Sif Muna
  9388 | D:9      | Reached skill level 5 in Fighting
  9391 | D:9      | Found Qashrifyr's Overcharged Wands.
  9790 | D:10     | Entered Level 10 of the Dungeon
  9794 | D:10     | Noticed an oklob plant
  9862 | D:10     | Found a staircase to the Lair.
 10028 | D:10     | Noticed a two-headed ogre
 10047 | D:10     | Killed a two-headed ogre
 10057 | D:10     | Reached skill level 17 in Air Magic
 10092 | D:10     | Noticed a boulder beetle
 10149 | D:10     | Killed a boulder beetle
 10156 | D:10     | Noticed a wizard
 10216 | D:10     | Killed a wizard
 10291 | D:10     | Noticed a two-headed ogre
 10388 | D:10     | Killed a two-headed ogre
 10581 | D:10     | Reached XP level 12. HP: 71/71 MP: 19/19
 11329 | D:11     | Noticed a five-headed hydra
 11366 | D:11     | Noticed a two-headed ogre
 11404 | D:11     | Killed a two-headed ogre
 11726 | D:11     | Found a staircase to the Orcish Mines.
 11928 | D:11     | Killed a five-headed hydra
 12119 | D:12     | Noticed a two-headed ogre
 12119 | D:12     | Noticed Erolcha
 12152 | D:12     | Noticed a two-headed ogre
 12153 | D:12     | Noticed Lodul
 12153 | D:12     | Noticed a two-headed ogre
 12155 | D:12     | Noticed a two-headed ogre
 12155 | D:12     | Noticed a two-headed ogre
 12157 | D:12     | Killed a two-headed ogre
 12159 | D:12     | Killed a two-headed ogre
 12163 | D:12     | Killed a two-headed ogre
 12165 | D:12     | Killed Lodul
 12283 | D:12     | Killed Erolcha
 12328 | D:12     | Killed a two-headed ogre
 12328 | D:12     | Reached ***** piety under Sif Muna
 12444 | D:12     | Received a gift from Sif Muna
 12445 | D:12     | Got Sif Muna's Handbook of Confrontation and Flight {god
                  | gift}
 12446 | D:12     | Noticed a boulder beetle
 12457 | D:12     | Killed a boulder beetle
 12470 | D:12     | Learned a level 5 spell: Lightning Bolt
 12696 | D:12     | Killed a two-headed ogre
 12697 | D:12     | Reached XP level 13. HP: 64/80 MP: 13/21
 13024 | Orc:1    | Entered Level 1 of the Orcish Mines
 13253 | Lair:1   | Entered Level 1 of the Lair of Beasts
 13368 | Lair:1   | Reached skill level 10 in Staves
 14760 | Lair:2   | Reached skill level 10 in Invocations
 14767 | Lair:2   | Reached skill level 10 in Fighting
 15035 | Lair:2   | Found a staircase to the Shoals.
 15138 | Lair:2   | Found a staircase to the Snake Pit.
 15821 | Lair:3   | Acquired 580 gold pieces
 15874 | Lair:3   | Reached skill level 10 in Conjurations
 15950 | Lair:3   | Reached skill level 5 in Spellcasting
 15961 | Lair:3   | Reached XP level 14. HP: 70/88 MP: 22/22
 16473 | Lair:3   | Received a gift from Sif Muna
 16474 | Lair:3   | Got Sif Muna's Volume of Floating Confrontation {god gift}
 17744 | Lair:4   | Got Sif Muna's Grimoire of Ashen Moulding
 18176 | Lair:5   | Identified the +8 chain mail of Wu Jian, Bedazzling {rC+}
 18993 | Lair:6   | Entered Level 6 of the Lair of Beasts
 18993 | Lair:6   | Found a staircase to the Slime Pits.
 19032 | Lair:6   | Found a gate leading to a gauntlet.
 19042 | Gauntlet | Entered a Gauntlet
 19042 | Gauntlet | Found a transporter.
 19042 | Gauntlet | Found a transporter.
 19044 | Gauntlet | Found a transporter.
 19044 | Gauntlet | Found a transporter.
 19048 | Gauntlet | Found a transporter.
 19048 | Gauntlet | Found a transporter.
 19079 | Gauntlet | Found a transporter.
 19082 | Gauntlet | Found a transporter.
 19100 | Gauntlet | Found a transporter.
 19107 | Gauntlet | Found a runed translucent gate.
 19108 | Gauntlet | Found a transporter.
 19108 | Gauntlet | Found a runed translucent gate.
 19109 | Gauntlet | Found a runed translucent gate.
 19122 | Gauntlet | Found a transporter.
 19126 | Gauntlet | Found a transporter.
 19175 | Gauntlet | Identified the ring "Pilor" {Ice *Corrode Fly rN+++ Dex-4}
 19224 | Gauntlet | Identified the +2 fustibalus of Demand {freeze, rF- Will++
                  | rCorr Dex+2}
 19289 | Gauntlet | Identified the +2 cloak "Lafej" {rC+ rN+ Will-}
 19385 | Gauntlet | Identified the +6 rapier "Wawkair" {vorpal, Str+4 SInv}
 19903 | Lair:6   | Reached XP level 15. HP: 83/95 MP: 16/26
 20275 | Lair:6   | Found a large runed translucent door.
 20583 | Lair:6   | Found a large runed translucent door.
 20927 | Lair:5   | Learned a level 6 spell: Conjure Ball Lightning
 21042 | Lair:6   | Received a gift from Sif Muna
 21043 | Lair:6   | Got Sif Muna's Catalogue of Entrancing Arcane Weapons {god
                  | gift}
 21235 | Lair:6   | Reached skill level 18 in Air Magic
 22310 | Orc:1    | Found Yrraoh's Distillery.
 22319 | Orc:1    | Bought a potion of heal wounds for 60 gold pieces
 22319 | Orc:1    | Bought a potion of heal wounds for 60 gold pieces
 22319 | Orc:1    | Bought a potion of curing for 36 gold pieces
 22319 | Orc:1    | Bought a potion of heal wounds for 60 gold pieces
 22319 | Orc:1    | Bought a potion of curing for 36 gold pieces
 22319 | Orc:1    | Bought a potion of heal wounds for 60 gold pieces
 22639 | Orc:2    | Entered Level 2 of the Orcish Mines
 22842 | Orc:2    | Found a staircase to the Elven Halls.
 23337 | Orc:2    | Received a gift from Sif Muna
 23374 | Orc:2    | Got Jeylen's Catalogue of Confrontation {god gift}
 23588 | Orc:2    | Found Guja's Armour Boutique.
 23837 | Orc:2    | Noticed an orc warlord
 23862 | Orc:2    | Killed an orc warlord
 24078 | Orc:2    | Found Vemiab's Distillery.
 24162 | Orc:2    | Found Bara's Antique Weapon Shop.
 24168 | Orc:2    | Found Loxtoixkith's Antique Armour Boutique.
 24285 | Orc:2    | Bought a potion of heal wounds for 50 gold pieces
 24285 | Orc:2    | Bought a potion of heal wounds for 50 gold pieces
 24285 | Orc:2    | Bought a potion of heal wounds for 50 gold pieces
 24285 | Orc:2    | Bought a potion of heal wounds for 50 gold pieces
 24285 | Orc:2    | Bought a potion of cancellation for 80 gold pieces
 24285 | Orc:2    | Bought a potion of invisibility for 80 gold pieces
 24397 | D:13     | Reached skill level 19 in Air Magic
 24407 | D:13     | Learned a level 5 spell: Silence
 24652 | D:13     | Reached XP level 16. HP: 90/100 MP: 29/29
 24980 | D:13     | Received a gift from Sif Muna
 24993 | D:13     | Got Sif Muna's Tome of Creative Battle Magic {god gift}
 25086 | D:13     | Reached skill level 1 in Hexes
 25548 | D:13     | Identified the +6 falchion of Peace {antimagic, rCorr Int+3
                  | SInv}
 25562 | D:13     | Identified the +9 lajatang "Leamoc" {vorpal, rPois rC+
                  | Dex+3}
 25816 | D:13     | HP: 3/100 [yaktaur/bolt (17)]
 25820 | D:13     | Shot with a bolt by a yaktaur

Illustrated notes

Levels and vault maps discovered:
D:1:      nzn_arrival_settlement, layout_basic, minivault_25, st_stairs_6,
          kennysheep_nondescript, minmay_door_square, item_on_display_b
D:2:      layout_loops_ring, hellmonk_ecumenical_altar_watching_god
D:3:      layout_basic, mainiacjoe_overflow_small_starburst
D:4:      layout_gridville, jmf_multi_god_temple, minmay_temple_entry_offerings,
          kennysheep_flooded_box, minmay_misc_feat_four_crosses,
          kennysheep_orc_chapel
D:5:      layout_basic, portal_sewer_entry_e, gammafunk_ghost_grave
D:6:      layout_basic, uniq_maggie
D:7:      layout_basic, grunt_temple_overflow_open, serial_shops, shop,
          amethyst_killhole
D:8:      layout_cave_pools, enter_bailey_5
D:9:      layout_loops_ring, nicolae_shop_overcharged_wands
D:10:     nzn_winding_woodlands_small [nzn_winding_woodlands_5x15_longhouse,
          nzn_winding_woodlands_center_triple_pond,
          nzn_winding_woodlands_5x15_eye], layout_cave_pools, dpeg_oklobed_lair,
          serial_bayou_pond_b
D:11:     layout_roguey, orc_david_3
D:12:     layout_rooms, kennysheep_boxes, uniq_erolcha, uniq_lodul
D:13:     layout_rooms, hangedman_vaults_entry_quadrant_bands,
          minmay_joined_circles
Temple:   lightli_temple_of_artemis
Lair:1:   layout_chaotic_city, grunt_megastairs_1
Lair:2:   layout_gridlike, minmay_shoals_entry_centaurs,
          minmay_snake_entry_guardpost_medium
Lair:3:   layout_cave_pods, small_statue_intersection,
          grunt_forest_small_clearings, grunt_megastairs_2, serial_bayou_shore_a
Lair:4:   layout_roguey, st_stairs_4
Lair:5:   layout_cave_pods
Lair:6:   cheibrodos_lair_end_hotspot, layout_regular_city, slime_dummy,
          gauntlet_entry_generic, st_stairs_7, infiniplex_staircase_pool_2,
          serial_bayou_shore_b
Orc:1:    layout_caves, serial_shops, nicolae_shop_crystal
Orc:2:    grunt_orc_community_town_hall, layout_caves,
          grunt_orc_community_big_house_1, grunt_orc_community_big_house_1,
          grunt_orc_community_house_3, grunt_orc_community_house_3,
          grunt_orc_community_house_3, grunt_orc_community_house_2,
          grunt_orc_community_house_2, grunt_orc_community_house_2

Skill      XL: |  1  2  3  4  5  6  7  8  9 10 11 12 13 14 15 16 |
---------------+-------------------------------------------------+-----
Conjurations   | 2 4 6 7 10 12 | 12.0
Fighting       | 1 2 3 4 6 9 10 11 | 11.3
Air Magic      | 5 16 17 19 | 19.5
Armour         | 1 2 |  2.0
Spellcasting   | 3 4 5 6 8 |  8.2
Invocations    | 2 4 5 7 9 10 11 12 | 12.1
Staves         | 2 4 6 8 9 10 11 13 | 13.8
Poison Magic   | 1 2 |  2.0
Hexes          | 1 |  1.2
Dodging        | |  2.1
Stealth        | |  2.0

Action                   |  1- 3 |  4- 6 |  7- 9 | 10-12 | 13-15 | 16-18 || total
-------------------------+-------+-------+-------+-------+-------+-------++-------
Melee: Long sword        |    25 |       |       |       |       |       ||    25
       Peck              |     8 |     5 |    17 |    60 |   203 |    12 ||   305
       Kick              |    13 |    13 |    39 |   102 |   305 |    18 ||   490
       Short sword       |    29 |    50 |    12 |       |       |       ||    91
       Lajatang          |       |       |   178 |   346 |   869 |    54 ||  1447
 Fire: Hunting sling     |    15 |    13 |    25 |       |       |       ||    53
Throw: Dart              |       |       |       |    30 |       |       ||    30
 Cast: Shock             |    18 |    27 |    26 |    76 |       |       ||   147
       Static Discharge  |     3 |     8 |     8 |     7 |    11 |       ||    37
       Airstrike         |       |       |       |     6 |     6 |       ||    12
       Mephitic Cloud    |       |       |       |    28 |    62 |     1 ||    91
       Lightning Bolt    |       |       |       |       |    51 |    20 ||    71
       Lehudib's Crystal |       |       |       |       |     2 |       ||     2
       Conjure Ball Ligh |       |       |       |       |    26 |     6 ||    32
       Swiftness         |       |       |       |       |     3 |     1 ||     4
Invok: Divine Exegesis   |       |       |       |       |     2 |       ||     2
       Channel Magic     |       |       |       |       |     1 |     1 ||     2
Evoke: Wand              |       |       |       |     1 |       |       ||     1
       Condenser vane    |       |       |       |     1 |       |       ||     1
  Use: Scroll            |       |     5 |    10 |     6 |    15 |     2 ||    38
       Potion            |       |     1 |       |     1 |     3 |     2 ||     7
 Stab: Distracted        |     1 |       |       |       |     1 |       ||     2
       Sleeping          |       |     3 |     1 |     2 |     1 |       ||     7
       Confused          |       |       |       |     3 |    11 |       ||    14
       Invisible         |       |       |       |       |     4 |       ||     4
Armor: Robe              |    16 |     4 |       |       |       |       ||    20
       Ring mail         |       |    18 |   117 |    90 |   317 |    65 ||   607
Dodge: Dodged            |    30 |    33 |   179 |   147 |   564 |    70 ||  1023

Table legend: (Time is in decaauts)
 A = Elapsed time spent in this place.
 B = Non-inter-level travel time spent in this place.
 C = Inter-level travel time spent in this place.
 D = Time resting spent in this place.
 E = Time spent auto-exploring this place.
 F = Levels seen in this place.
 G = Mean time per level.
                   A        B        C        D        E       F      G
               +--------+--------+--------+--------+--------+-----+--------+
         Total |  24331 |  22826 |   1505 |   3105 |  12429 |  25 |  973.2 |
       Dungeon |  12939 |  12029 |    910 |   1558 |   6909 |  13 |  995.3 |
        Temple |     40 |     31 |      9 |      0 |      0 |   1 |   40.0 |
          Lair |   7615 |   7167 |    448 |    912 |   4229 |   6 | 1269.2 |
  Orcish Mines |   2081 |   1944 |    137 |    418 |    911 |   2 | 1040.5 |
         Sewer |    328 |    328 |      0 |      0 |    158 |   1 |  328.0 |
        Bailey |    898 |    898 |      0 |     38 |    219 |   1 |  898.0 |
      Gauntlet |    426 |    426 |      0 |    179 |      0 |   1 |  426.0 |
               +--------+--------+--------+--------+--------+-----+--------+

Top non-repeatable levels by time:
  Lair:6: 1791 daAuts
     D:4: 1662 daAuts
  Lair:3: 1387 daAuts
  Lair:5: 1222 daAuts
  Lair:2: 1204 daAuts
    D:10: 1169 daAuts
    D:13: 1150 daAuts
   Orc:2: 1125 daAuts
     D:9: 1109 daAuts
     D:1: 1059 daAuts
    D:11: 1054 daAuts
  Lair:4: 1049 daAuts
     D:5: 1036 daAuts
    D:12: 1033 daAuts
     D:2: 1031 daAuts
